 Dungeon Crawl Stone Soup version 0.25.0-10-g039870ee82 (webtiles) character file.

Game seed: 17038565904721092004

247 Burto the Grave Robber (level 5, -4/28 HPs)
             Began as a Vampire Necromancer on June 22, 2020.
             Was a Follower of Wu Jian.
             Slain by a hound (6 damage)
             ... on level 6 of the Dungeon.
             The game lasted 00:19:48 (3786 turns).

Burto the Grave Robber (Vampire Necromancer)        Turns: 3786, Time: 00:19:49

Health: -4/28      AC:  0    Str:  5 (7)  XL:     5   Next: 85%
Magic:  10/10      EV: 20    Int: 16 (18) God:    Wu Jian [*.....]
Gold:   200        SH:  0    Dex: 18 (20) Spells: 10/11 levels left

rFire    . . .     SeeInvis +   (weapon currently unavailable)
rCold    + + .     Gourm    .   (shield currently unavailable)
rNeg     + + +     Faith    .   (armour currently unavailable)
rPois    ∞         Spirit   .   (helmet currently unavailable)
rElec    .         Reflect  .   (cloak currently unavailable)
rCorr    .         Harm     .   (gloves currently unavailable)
MR       .....                  (boots currently unavailable)
Stlth    +++++.....             l - amulet of regeneration
HPRegen  0.00/turn              (ring currently unavailable)
MPRegen  0.12/turn              (ring currently unavailable)

@: bat-form, flying, bloodless, very quick
A: tiny, no food, fangs 3, see invisible
a: Revivify, End Transformation, Renounce Religion


You were on level 6 of the Dungeon.
You worshipped Wu Jian.
Wu Jian was aware of your devotion.
You were bloodless.
You were in vampire-bat-form.
You visited 1 branch of the dungeon, and saw 6 of its levels.
You also visited: Sewer.

You collected 200 gold pieces.

Inventory:

Hand Weapons
 d - a +1 dagger (melded)
Armour
 a - a +0 robe (melded)
Jewellery
 l - an amulet of regeneration (around neck)
Scrolls
 e - 4 scrolls of identify
 f - a scroll of blinking {unknown}
 g - 4 scrolls of remove curse
 h - 4 scrolls of teleportation
Potions
 b - a potion of haste
 c - a potion of lignification {unknown}
 i - a potion of berserk rage {unknown}
 j - a potion of curing {unknown}
 k - a potion of might {unknown}
 m - a potion of mutation {unknown}


   Skills:
 + Level 0.1 Fighting
 + Level 2.3 Dodging
 + Level 3.3 Stealth
 + Level 3.8 Spellcasting
 + Level 6.5 Necromancy


You had 10 spell levels left.
You knew the following spells:

 Your Spells              Type           Power        Failure   Level  Hunger
a - Pain                  Necr           ###.         1%          1    N/A

Your spell library contained the following spells:

 Spells                   Type           Power        Failure   Level  Hunger
 Animate Skeleton         Necr           N/A          1%          1    N/A
 Vampiric Draining        Necr           ###.......   3%          3    N/A
 Animate Dead             Necr           N/A          12%         4    N/A
 Agony                    Necr           ###.....     32%         5    N/A

Dungeon Overview and Level Annotations

Branches:
Dungeon (6/15)             Temple (0/1) D:6           Sewer (visited)

Altars:
Qazlal
Ru
Sif Muna
Wu Jian
The Shining One


Innate Abilities, Weirdness & Mutations

You do not eat.
You do not regenerate when monsters are visible.
You are frail without blood (-20% HP).
You can heal yourself when you bite living creatures.
You are immune to poison.
You have razor-sharp teeth.
You have supernaturally acute eyesight. (SInv)
((You can survive without breathing.))


Message History

A wight is wielding a +2 flail of protection.
A wight is wielding a +0 great sword of flaming.
A quasit comes into view.
Found a scroll of identify.
You spin to attack the hound, but your attack speed is too slow for a blow to land.
A wight comes into view. It is wielding a +0 great sword.
You spin to attack the ogre, but your attack speed is too slow for a blow to land.
You spin and attack the hound.
You hit the hound but do no damage. The hound completely misses you.
You spin to attack the hound, but your attack speed is too slow for a blow to land.
The hound barely misses you.
The quasit gives a chilling moan.
A bullfrog comes into view.
Found a scroll of identify.
Found a staircase to the Ecumenical Temple.
You hit the bullfrog skeleton but do no damage.
The hound misses you.
The bullfrog skeleton closely misses you.
You hit the wight but do no damage. Your bite misses the wight.
The hound bites you.
You die...

..? .> ....
##....#...#
...#..#....#..#
.....#.#..#..#
...#...##...#
#...... ..#.#
##Z##.####...#
#.bhO.......#
#.z.........#
#...........#
#...z5......#
###...##...########
#..?####...#...<#
#...z..........##
#..............#
#...########..##


You could see an ogre, a hound, 3 wights, a quasit and a bullfrog skeleton.

Vanquished Creatures
  2 howler monkeys
  Jessica (D:2)
  A worker ant (D:4)
  5 adders
  A dart slug (D:3)
  3 worms
  5 leopard geckos
  9 giant cockroaches
  4 goblins
  6 hobgoblins
  2 jackals (Sewer)
  A quokka (D:4)
  10 bats
  4 frilled lizards
  2 kobolds
  6 rats
62 creatures vanquished.

Notes
Turn   | Place    | Note
-------+----------+-------------------------------------------
     0 | D:1      | Burto the Vampire Necromancer began the quest for the Orb.
     0 | D:1      | Reached XP level 1. HP: 13/13 MP: 3/3
   685 | D:1      | Reached XP level 2. HP: 19/19 MP: 3/5
  1079 | D:2      | Reached skill level 5 in Necromancy
  1310 | D:2      | Reached XP level 3. HP: 24/24 MP: 4/6
  1822 | D:2      | Found an ornate altar of the Wu Jian Council.
  1832 | D:2      | Found a shimmering blue altar of Sif Muna.
  1841 | D:2      | Found a sacrificial altar of Ru.
  1857 | D:2      | Became a worshipper of the Wu Jian Council
  1897 | D:2      | Noticed Jessica
  1903 | D:2      | Killed Jessica
  1903 | D:2      | Reached XP level 4. HP: 27/30 MP: 2/8
  2186 | D:3      | Found a glowing drain.
  2199 | Sewer    | Entered a sewer
  2275 | Sewer    | Noticed a big kobold
  2278 | Sewer    | Reached skill level 6 in Necromancy
  2686 | D:3      | Reached * piety under Wu Jian
  2811 | D:3      | Found a stormy altar of Qazlal.
  2960 | D:3      | Found a glowing golden altar of the Shining One.
  3051 | D:4      | Reached XP level 5. HP: 23/28 MP: 3/10
  3601 | D:5      | Entered Level 5 of the Dungeon
  3765 | D:6      | Noticed an ogre
  3784 | D:6      | Found a staircase to the Ecumenical Temple.
  3786 | D:6      | Slain by a hound

Illustrated notes

Levels and vault maps discovered:
D:1:      minmay_arrival_doors, layout_basic
D:2:      layout_basic, grunt_temple_overflow_diamond, serial_glass,
          glass_columns_b, glass_columns_b, uniq_jessica
D:3:      layout_rooms, nicolae_overflow_hidden_temple, gup_sewer_entry_pipe
D:4:      layout_basic, first_ration
D:5:      cheibrodos_helix_gallery, layout_loops_ring
D:6:      layout_gridville, minmay_temple_entry_mini_moons, basic_altar,
          minmay_misc_feat_roman, uniq_eustachio

Skill      XL: |  1  2  3  4 |
---------------+-------------+-----
Necromancy     | 5 6 |  6.5
Spellcasting   | 3 |  3.8
Fighting       | |  0.1
Dodging        | |  2.3
Stealth        | |  3.3

Action                   |  1- 3 |  4- 6 || total
-------------------------+-------+-------++-------
Melee: Dagger            |       |    39 ||    39
       Bite              |       |     4 ||     4
       Unarmed           |       |    23 ||    23
 Cast: Pain              |    50 |    71 ||   121
Invok: Lunge             |       |     2 ||     2
       Whirlwind         |       |    16 ||    16
 Abil: Exsanguinate      |       |     1 ||     1
       Bat Form          |       |     1 ||     1
  Use: Scroll            |     4 |     3 ||     7
 Stab: Sleeping          |       |     1 ||     1
Armor: Robe              |     2 |     6 ||     8
Dodge: Dodged            |     7 |    65 ||    72
